AoeStats
← Jeanfrancis

Arena

505420078Analyzed
4v4 RM · 24d ago on Sep 9, 2026· 46m 41s· 8 players
Game mode
Random Map
Map size
Large (8 player)
Population
200
Speed
Normal
Resources
Standard
Victory
Conquest
Starting age
Dark Age
Ending age
Imperial Age
RankedLock teamsTeams togetherTeam positionsShared explorationLock speedFull tech treeHidden civsTurbo modeCheats
Victory
Defeat
🇹🇷 Teutons · Türkiye
1072
+15
🇨🇳 Huns · China
1026
+16
🇩🇪 Japanese · Germany
1013
+17
🇧🇩 Franks · Bangladesh
1011
+17
🇵🇱 Sicilians · Poland
1142
-20
🇧🇷 Turks · Brazil
1048
-17
🇧🇪 Lithuanians · Belgium
1032
-16
🇵🇱 Portuguese · Poland
929
-12
terciarium
11:40 Feudal Age
17:38 Castle Age
17:11 Double-Bit Axe
17:09 Horse Collar
18:51 Town Watch
Jeanfrancis
9:49 Feudal Age
15:09 Castle Age
16:59 Double-Bit Axe
18:21 Loom
19:46 Wheelbarrow
19:46 Horse Collar
23:32 Bloodlines
23:59 Light Cavalry
26:05 Husbandry
26:31 Gold Mining
27:31 Forging
27:27 Scale Barding Armor
28:18 Bow Saw
29:10 Redemption
29:10 Town Watch
29:38 Heavy Plow
31:11 Iron Casting
30:57 Chain Barding Armor
35:17 Imperial Age
33:00 Masonry
33:30 Stone Mining
34:33 Hand Cart
35:19 Cavalier
40:44 Conscription
41:15 Elite Leitis
43:24 Plate Barding Armor
Special Air (SAS)
10:20 Feudal Age
17:04 Castle Age
15:40 Double-Bit Axe
16:36 Horse Collar
20:07 Man-at-Arms
21:15 Gambesons
21:20 Long Swordsman
22:19 Pikeman
25:27 Loom
26:17 Wheelbarrow
27:20 Forging
27:55 Scale Mail Armor
28:35 Iron Casting
29:22 Hand Cart
28:53 Town Watch
31:05 Bow Saw
30:57 Heavy Plow
31:03 Stone Mining
31:08 Gold Mining
36:18 Imperial Age
37:06 Stone Shaft Mining
37:21 Arquebus
38:36 Crop Rotation
38:08 Padded Archer Armor
39:17 Chemistry
38:03 Elite Organ Gun
40:17 Fletching
SpartaninPL
2:56 Loom
10:13 Feudal Age
15:54 Castle Age
19:49 Fletching
22:51 Pikeman
27:18 Bodkin Arrow
30:47 Horse Collar
35:08 Wheelbarrow
XJakeTheRipper7
3:24 Loom
10:29 Feudal Age
16:32 Castle Age
14:41 Stone Mining
15:11 Double-Bit Axe
16:11 Gold Mining
16:48 Horse Collar
19:47 Bow Saw
23:26 Forging
23:21 Scale Mail Armor
24:10 Arson
24:32 Squires
25:24 Chain Mail Armor
25:49 Forging
27:06 Wheelbarrow
27:03 Heavy Plow
28:57 Iron Casting
30:21 Hand Cart
30:45 Gold Shaft Mining
34:26 Imperial Age
31:42 Town Watch
36:18 Two-Man Saw
35:45 Conscription
35:56 Plate Mail Armor
36:51 Blast Furnace
36:09 Elite Samurai
36:40 Treadmill Crane
FALCON
10:40 Feudal Age
14:35 Castle Age
13:01 Double-Bit Axe
17:36 Man-at-Arms
31:22 Stone Mining
31:23 Gold Mining
33:29 Wheelbarrow
32:45 Horse Collar
36:40 Heavy Plow
36:52 Bow Saw
40:46 Imperial Age
37:49 Pikeman
38:30 Squires
38:55 Bloodlines
41:09 Bloodlines
41:22 Hand Cart
40:55 Cavalier
A Sir
0:31 Loom
11:41 Feudal Age
16:49 Castle Age
14:48 Double-Bit Axe
14:51 Horse Collar
15:25 Stone Mining
16:18 Gold Mining
19:30 Bow Saw
26:08 Wheelbarrow
26:49 Heavy Plow
28:32 Marauders
31:10 Imperial Age
29:19 Scale Barding Armor
29:35 Bloodlines
30:25 Chain Barding Armor
31:15 Forging
31:43 Hand Cart
32:28 Gold Shaft Mining
32:36 Elite Tarkan
34:29 Plate Barding Armor
35:57 Iron Casting
35:24 Husbandry
38:02 Blast Furnace
38:18 Padded Archer Armor
38:09 Fletching
40:32 Light Cavalry
42:21 Scale Mail Armor
42:32 Pikeman
45:32 Conscription
HIT_007
3:23 Loom
13:16 Feudal Age
17:31 Castle Age
16:09 Double-Bit Axe
25:26 Crossbowman
28:18 Fletching
37:37 Wheelbarrow
42:59 Imperial Age
42:10 Husbandry
42:26 Scale Barding Armor
43:20 Hand Cart
43:29 Cavalier
46:06 Chain Barding Armor
45:57 Forging
47:43 Plate Barding Armor
Connection lost

Rejoining the realm…

Still unreachable

The connection could not be restored.

Session expired

The server has moved on; the page needs a fresh start.